AoeStats
← Shiboridashi

Arabia

503813831Analyzed
2v2 RM · 1mo ago on Sep 2, 2026· 23m 4s· 4 players
Game mode
Random Map
Map size
Medium (4 player)
Population
200
Speed
Normal
Resources
Standard
Victory
Conquest
Starting age
Dark Age
Ending age
Imperial Age
RankedLock teamsTeams togetherTeam positionsShared explorationLock speedFull tech treeHidden civsTurbo modeCheats
Victory
Defeat
🇫🇷 Persians · France
1183
+13
🇫🇷 Chinese · France
1127
+24
🇬🇧 Malay · United Kingdom
1148
-16
🇭🇺 Spanish · Hungary
1092
-13
Bambi
7:14 Loom
11:46 Feudal Age
15:40 Castle Age
17:52 Forging
18:43 Arson
21:28 Squires
22:14 Iron Casting
LSL
10:34 Feudal Age
Shiboridashi
6:01 Loom
9:47 Feudal Age
10:12 Double-Bit Axe
20:54 Castle Age
19:06 Horse Collar
19:39 Bloodlines
21:16 Forging
21:12 Scale Barding Armor
23:18 Bow Saw
23:10 Heavy Plow
Pandidub
0:48 Loom
8:56 Feudal Age
9:30 Double-Bit Axe
11:15 Horse Collar
17:03 Wheelbarrow
20:31 Castle Age
18:49 Fletching
19:51 Padded Archer Armor
20:52 Crossbowman
21:35 Bodkin Arrow
22:27 Leather Archer Armor
Connection lost

Rejoining the realm…

Still unreachable

The connection could not be restored.

Session expired

The server has moved on; the page needs a fresh start.